 Dungeon Crawl Stone Soup version 0.30-a0-578-gdee14c521f (webtiles) character file.

Game seed: 224292330012972201

2987684 freelancePsychic the Intangible (level 27, 240/240 HPs)
             Began as a Demonspawn Brigand on Dec 31, 2022.
             Was the Champion of Trog.
             Escaped with the Orb
             ... and 5 runes!
             The game lasted 03:04:30 (76893 turns).

freelancePsychic the Intangible (DsBr)             Turns: 76893, Time: 03:04:30

Health: 240/240    AC: 38    Str: 14    XL:     27
Magic:  6/6        EV: 33    Int: 21    God:    Trog [******]
Gold:   5587       SH:  9    Dex: 25    Spells: 26/26 levels left

rFire   + + .      SeeInvis +    a - +4 quick blade (antimagic)
rCold   + + +      Faith    .    (no shield)
rNeg    + . .      Spirit   .    S - +8 fire dragon scales
rPois   .          Reflect  +    s - +2 helmet {Int+3}
rElec   +          Harm     .    P - +1 cloak of Starlight {*Dazzle EV+4 Stlth--}
rCorr   +          Rampage  .    (gloves unavailable)
Will    +++..                    I - +1 pair of boots of the Everdark {Dex+3}
Stlth   ++                       t - amulet of reflection
HPRegen 0.60/turn                V - ring of the Madman {rC+++ rN+ Str-3 Int+3 Stlth+}
MPRegen 0.10/turn                L - ring of Itexuc {Fly rElec rCorr Dex+3 SInv}

@: flying, studying Stealth
A: icy blue scales 3, demonic guardian 3, hurl damnation, powered by death 3,
torment resistance 1, demonic willpower, demonic touch 3, large bone plates 1,
low MP 1, weak 1, noise suppression
0: Orb of Zot
}: 5/15 runes: decaying, slimy, silver, abyssal, gossamer
a: Hurl Damnation, Renounce Religion, Berserk, Trog's Hand, Brothers in Arms


You escaped.
You worshipped Trog.
Trog was exalted by your worship.
You visited 11 branches of the dungeon, and saw 55 of its levels.
You visited the Abyss 2 times.
You visited 1 bazaar.
You also visited: Bailey, Ice Cave and Wizlab.

You collected 10854 gold pieces.
You spent 5267 gold pieces at shops.

Inventory:

Hand Weapons
 a - a +4 antimagic quick blade (weapon)
 b - the +3 quick blade "Bev Puag" {venom, Dex+5}
   (You bought it in a shop on level 4 of the Dungeon)

   It poisons the flesh of those it strikes.
   Dex:       It affects your dexterity (+5).
Missiles
 d - 27 poisoned darts
 e - 2 curare-tipped darts
 G - 18 atropa-tipped darts
Armour
 n - the +1 cloak of Jihanner {Int+3 Slay+5}
   (You found it on level 3 of the Crypt)

   Int:       It affects your intelligence (+3).
   Slay:      It affects your accuracy & damage with ranged weapons and melee
   (+5).
 s - a +2 helmet of intelligence (worn)
 I - the +1 pair of boots of the Everdark (worn) {Dex+3}
   (You acquired it in a wizard's laboratory)

   Dex:       It affects your dexterity (+3).
 P - the +1 cloak of Starlight (worn) {*Dazzle EV+4 Stlth--}
   (You bought it in a shop in a bazaar)

   It may blind those who miss an attack against the wearer in melee combat.
   EV:        It affects your evasion (+4).
   Stlth:     It makes you much less stealthy.
 S - +8 fire dragon scales (worn)
 X - the +2 helmet "Miekirer" {rElec rPois rF-}
   (You bought it in a shop on level 4 of the Vaults)

   rF:        It makes you vulnerable to fire.
   rElec:     It insulates you from electricity.
   rPois:     It protects you from poison.
Jewellery
 t - an amulet of reflection (around neck)
 K - the amulet of Ceanliz {*Slow +Inv rF+ Regen+ Int+6}
   (You acquired it on level 1 of the Elven Halls)

   [amulet of regeneration]

   Int:       It affects your intelligence (+6).
   rF:        It protects you from fire.
   +Inv:      It lets you turn invisible.
   Regen:     It increases your rate of health regeneration.
   *Slow:     It may slow you when you take damage.
 L - the ring of Itexuc (right hand) {Fly rElec rCorr Dex+3 SInv}
   (You acquired it in a wizard's laboratory)

   [ring of resist corrosion]

   Dex:       It affects your dexterity (+3).
   rElec:     It insulates you from electricity.
   SInv:      It lets you see invisible.
   Fly:       It grants you flight.
   rCorr:     It protects you from acid and corrosion.
 R - the ring of Fatigue {Drain rF+ Will++ Str+4 Int+2}
   (You found it on level 3 of the Crypt)

   [ring of protection from fire]

   Str:       It affects your strength (+4).
   Int:       It affects your intelligence (+2).
   rF:        It protects you from fire.
   Drain:     It drains your maximum health when unequipped.
   Will:      It greatly increases your willpower.
 V - the ring of the Madman (left hand) {rC+++ rN+ Str-3 Int+3 Stlth+}
   (You acquired it on level 4 of the Swamp)

   [ring of positive energy]

   Str:       It affects your strength (-3).
   Int:       It affects your intelligence (+3).
   rC:        It renders you almost immune to cold.
   rN:        It protects you from negative energy.
   Stlth:     It makes you more stealthy.
Wands
 c - a wand of digging (5)
 h - a wand of polymorph (50)
 x - a wand of flame (103)
 y - a wand of mindburst (13)
 F - a wand of paralysis (26)
 J - a wand of iceblast (37)
 Y - a wand of light (17)
Scrolls
 i - 13 scrolls of fear
 l - a scroll of silence
 p - 30 scrolls of teleportation {@r4}
 v - 8 scrolls of fog
 A - 2 scrolls of immolation
 B - 6 scrolls of poison
 D - 3 scrolls of magic mapping
 W - 5 scrolls of brand weapon
Potions
 f - 3 potions of mutation
 g - 6 potions of might
 k - 2 potions of haste {@q3}
 o - 8 potions of heal wounds {@q2}
 q - 8 potions of magic
 r - 11 potions of flight
 u - 6 potions of cancellation
 z - 3 potions of invisibility
 C - 7 potions of lignification
 H - 16 potions of curing {@q1}
 M - 4 potions of ambrosia
 N - 7 potions of attraction
 O - 2 potions of berserk rage
Miscellaneous
 j - a condenser vane
 m - a phantom mirror
 E - a box of beasts
 Q - a tin of tremorstones (2/2)
 T - a phial of floods


   Skills:
 + Level 24.7 Fighting
 - Level 13.6 Short Blades
 - Level 1.8 Axes
 - Level 1.7 Throwing
 - Level 22.0 Armour
 O Level 27 Dodging
 - Level 15.0 Stealth
 - Level 18.7 Evocations


You had 26 spell levels left.
You didn't know any spells.
Your spell library contained the following spells:

 Spells                   Type           Power      Damage    Failure   Level
 Ensorcelled Hibernation  Hex/Ice        0%         N/A       56%         2
 Spider Form              Tmut/Pois      0%         N/A       80%         3
 Anguish                  Hex/Necr       0%         N/A       99%         4


Dungeon Overview and Level Annotations

Branches:
Dungeon (15/15)            Temple (0/1) D:7            Lair (5/5) D:9
  Swamp (4/4) Lair:3       Spider (4/4) Lair:2        Slime (5/5) Lair:5
    Orc (2/2) D:11            Elf (3/3) Orc:2        Vaults (5/5) D:14
  Crypt (3/3) Vaults:2       Tomb (0/3) Crypt:3      Depths (4/4) D:15
    Zot (5/5) Depths:4     Bailey (visited)           IceCv (visited)
 WizLab (visited)

Altars:
Ashenzari
Cheibriados
Dithmenos
Hepliaklqana
Kikubaaqudgha
Makhleb
Nemelex Xobeh
Trog
Uskayaw
Wu Jian
Xom
Jiyva

Shops:
D:4 (   D:7 *   D:10 *   D:12 *   D:14 :   Orc:2 [**[   Elf:1 (?[**
Vaults:4 (![?*   Vaults:5 (   Depths:1 =:=

Portals:
Hell: Lair:5 Depths:1 Depths:2 Depths:3 Depths:4
Abyss: Depths:1 Depths:3 Depths:4
Pandemonium: Depths:2 Depths:3
Ziggurat: Depths:4

Annotations:
D:4 Ijyb
D:6 3 runed translucent doors, KennySheep's ghost, novice HuCj
D:12 1 runed translucent door
Lair:4 Rupert
Swamp:2 Roxanne
Orc:1 Jorgrun
Orc:2 1 transporter
Elf:2 3 runed translucent doors
Crypt:2 2 transporters, Hali's ghost, veteran FoFi; Onexaaje's ghost, adept GrFi; Rakupo Megg's ghost, veteran GrEE


Innate Abilities, Weirdness & Mutations

You are completely covered in icy blue scales. (AC +4, rC+)
A powerful demonic guardian rushes to your aid.
You can hurl damnation.
You regenerate a lot of health from kills.
You are resistant to unholy torment.
You punish those that try to bend your will. (Will+)
Your touch may irresistibly damage your foes and sap their willpower.
You are partially covered in large bone plates. (SH +4)
Your magical capacity is low. (-10% MP)
You are weak. (Str -2)
You passively dampen the noise of your surroundings.


Message History

Unknown command.
You closely miss the soul eater.
You hit the soul eater but do no damage.
You hit the soul eater.
The soul eater's magic leaks into the air.
You punch the soul eater.
The soul eater is lightly wounded.
You barely miss the soul eater.
The soul eater is lightly wounded.
The soul eater's magic is no longer disrupted.
The soul eater completely misses you.
The soul eater's vision is obscured by starry radiance!
You catch the helpless soul eater completely off-guard!
You perforate the soul eater like a sieve!!!
You kill the soul eater!
Trog accepts your kill.
No target in view!
No target in view!
No target in view!
No target in view!
No target in view!
No target in view!
No target in view!
No target in view!
No target in view!
No target in view!
No target in view!
No target in view!
No target in view!
No target in view!
No target in view!
(D) Dungeon (T) Temple (L) Lair (S) Swamp (N) Spider Nest (M) Slime Pits (O) Orcish Mines (E) Elven Halls (V) Vaults (C) Crypt (W) Tomb (U) Depths (H) Hell (Z) Zot
Where to? (Enter - D:1 @ (x,y), ? - help)
There is an open door here.
There is a staircase leading out of the dungeon here.
Unknown command.
You have escaped!

##### ######.@.######
###..........^..###
###.................###
#.+.................'.#
#.#.................#.#
#.###.............###.#
#.# ###.........###...#
##.# ###.....### #.###
#..#
###.........###...#


There were no monsters in sight!

Vanquished Creatures
  the Royal Jelly (Slime:5)
  7 dread liches
  4 orbs of fire
  3 ancient liches
  A Killer Klown (Zot:5)
  Xtahua (Depths:3)
  A caustic shrike (Depths:2)
  Jory (Depths:4)
  7 golden dragons
  7 bone dragons
  A Tzitzimitl (Zot:5)
  A walking crystal tome (Depths:2)
  5 electric golems
  11 tentacled monstrosities
  An Ice Fiend (D:14)
  Zenata (Elf:1)
  2 deep elf blademasters (Elf:3)
  5 titans
  7 liches
  26 Orb Guardians
  A walking frostbound tome (Depths:2)
  5 quicksilver dragons
  A walking earthen tome (Depths:2)
  9 ancient champions
  9 tentacled starspawn
  A deep elf master archer (Elf:3)
  6 sphinxes
  12 acid blobs
  Gastronok (Lair:3)
  10 death cobs
  8 tengu reavers
  A thorn hunter (Swamp:3)
  10 storm dragons
  10 shadow dragons
  Donald (Swamp:2)
  An azure jelly (shapeshifter) (Vaults:5)
  2 revenants
  3 draconian knights
  9 rockslimes
  5 azure jellies
  9 fire giants
  8 frost giants
  13 vault wardens
  4 ghost moths
  3 iron dragons
  2 balrugs
  An orc warlord (Vaults:4)
  5 deep elf sorcerers
  2 draconian scorchers (Zot:1)
  6 emperor scorpions
  2 draconian shifters
  5 curse skulls
  A cacodemon (Abyss:4)
  4 draconian stormcallers
  Louise (Elf:3)
  3 broodmothers
  An angel (Depths:4)
  15 very ugly things
  A shard shrike simulacrum (Abyss:4)
  2 caustic shrike skeletons (Crypt:1)
  3 demonspawn corrupters (WizLab)
  5 deep elf elementalists
  3 draconian annihilators
  5 war gargoyles
  4 ghouls
  19 ironbound preservers
  2 reapers
  9 ironbound thunderhulks
  24 stone giants
  An ophan (Abyss:4)
  3 starflowers
  8 quicksilver oozes (Slime:5)
  3 eleionomae
  2 grey draconians (Depths:4)
  6 white draconians
  Nessos (D:14)
  7 black draconians
  6 deep elf annihilators
  7 deep elf demonologists
  9 dire elephants
  Azrael (Elf:2)
  13 spark wasps
  8 vampire knights
  10 red draconians
  7 purple draconians
  4 bunyips
  5 yellow draconians
  7 green draconians
  52 starcursed masses
  5 eidola
  2 blizzard demons
  6 fire dragons
  12 jiangshi
  16 deep elf death magi
  3 crystal guardians
  12 ettins
  An entropy weaver (shapeshifter) (Abyss:5)
  7 great orbs of eyes
  7 entropy weavers
  A shambling mangrove (Swamp:2)
  12 yaktaur captains
  2 deep elf high priests (Elf:3)
  A salamander tyrant (Depths:1)
  3 rakshasas
  8 ice dragons
  14 hydras
  4 radroaches
  22 vault guards
  3 hell beasts
  7 peacekeepers
  2 jorogumos
  2 ogre magi
  A ghost crab (Swamp:3)
  4 spriggan skeletons
  A merfolk aquamancer (WizLab)
  The ghost of Kuuciris the Fencer, a journeyman DgGl (Lair:1)
  3 ironbound frosthearts
  3 spriggan air magi (Depths:2)
  8 boulder beetles
  13 centaur warriors
  3 tengu warriors
  13 dancing weapons
  3 death knights
  11 death yaks
  5 alligators
  An Orb Guardian skeleton (Crypt:2)
  2 two-headed ogres (D:9)
  12 deep troll earth magi
  An orc high priest (Elf:3)
  10 spriggan berserkers
  7 deep troll shamans
  19 thrashing horrors
  10 vampire magi
  Urug (Lair:1)
  7 sun demons
  15 hell hogs
  12 deep elf knights
  6 soul eaters
  Amaemon (Lair:3)
  9 hell knights
  A spectral catoblepas (Lair:1)
  7 iron trolls
  25 skeletal warriors
  2 sixfirhies
  2 pharaoh ants
  5 goliath frogs
  A salamander mystic (Depths:1)
  7 wretched stars
  A spectral death yak (Lair:1)
  2 shadow wraiths
  6 spatial maelstroms (Abyss:5)
  13 orb spiders
  2 shadow demons
  2 glowing orange brains
  8 flayed ghosts
  7 deep elf archers
  An orange crystal statue (Elf:1)
  4 bog bodies
  11 steelbarb worms
  64 deep trolls
  4 spriggan druids
  5 harpies (Vaults:3)
  A shadow dragon zombie (Crypt:3)
  A glowing orange brain (shapeshifter) (Depths:2)
  18 wizards
  A mana viper (shapeshifter) (D:14)
  A bunyip skeleton (Crypt:1)
  18 phantasmal warriors
  12 lindwurms
  13 swamp dragons
  14 ironbound convokers
  A spectral hydra (Lair:1)
  8 necromancers
  21 deep elf zephyrmancers
  4 orc knights
  12 deep elf pyromancers
  2 salamanders (Depths:1)
  A goliath frog zombie (Crypt:2)
  A human zombie (Vaults:1)
  An iron dragon zombie (Abyss:5)
  8 manticores
  26 wolf spiders
  3 shining eyes
  8 cyclopes
  2 will-o-the-wisps
  10 orc sorcerers
  A tengu skeleton (Crypt:1)
  5 worldbinders
  21 moths of wrath
  A fire giant skeleton (Vaults:1)
  30 ugly things
  17 elephants
  A black mamba (Lair:5)
  3 apocalypse crabs (Abyss:4)
  A frost giant skeleton (Vaults:4)
  A guardian serpent (shapeshifter) (D:12)
  18 smoke demons
  A water nymph (shapeshifter) (Vaults:5)
  3 ice statues (IceCv)
  2 rust devils
  5 demonic crawlers
  8 cane toads
  3 centaur skeletons (Crypt:1)
  2 stone giant skeletons (Crypt:1)
  3 eyes of devastation
  8 orange demons
  A yellow draconian zombie (Crypt:1)
  16 vault sentinels
  7 gargoyles
  2 human skeletons (Crypt:1)
  5 unseen horrors
  2 naga skeletons
  A hellion (Depths:2)
  11 komodo dragons
  8 torpor snails
  4 freezing wraiths
  A kobold demonologist (D:12)
  29 yaktaurs
  2 ice devils
  7 rime drakes
  4 tengu conjurers
  An alligator snapping turtle skeleton (Crypt:1)
  A minotaur skeleton (Crypt:1)
  2 purple draconian skeletons
  A tormentor (Zot:5)
  9 ancient zymes
  8 trolls
  3 red devils
  2 polar bears (Lair:2)
  A queen bee (Spider:4)
  6 tyrant leeches
  A polar bear (shapeshifter) (D:12)
  A merfolk (shapeshifter) (Vaults:5)
  8 meliai
  35 tarantellas
  14 hornets
  A hellwing (Depths:3)
  2 hydra skeletons
  2 mana viper skeletons
  A radroach zombie (Crypt:3)
  An alligator zombie (Crypt:1)
  20 raiju
  A death drake skeleton (Crypt:3)
  A spectral dream sheep (Lair:1)
  4 harpy skeletons (Crypt:1)
  A black mamba zombie (Crypt:1)
  4 dream sheep (Lair:5)
  11 small abominations
  11 blink frogs
  27 flying skulls
  103 slime creatures
  3 water elementals
  3 ettin skeletons
  A spriggan (shapeshifter) (Elf:1)
  42 yaks
  34 jumping spiders
  3 shadows
  24 culicivoras
  7 ynoxinuls
  9 spriggans
  4 air elementals
  A hog (shapeshifter) (D:15)
  12 wyverns
  25 large abominations
  5 wraiths
  A vampire (Bailey)
  4 fire bats (Depths:1)
  11 golden eyes
  5 basilisks
  5 chaos spawn
  74 redbacks
  6 neqoxecs
  7 fire elementals
  16 vampire mosquitoes
  7 wargs (Orc:2)
  A yaktaur simulacrum (Vaults:1)
  2 steam dragons
  15 swamp worms
  9 spatial vortices (Abyss:5)
  15 water moccasins
  4 acid dragons
  9 hell hounds
  3 floating eyes
  4 swamp drakes
  A floating eye (shapeshifter) (Vaults:3)
  22 orc warriors
  3 sky beasts
  An entropy weaver zombie (Crypt:3)
  A glowing shapeshifter skeleton (Crypt:1)
  5 black bears
  A two-headed ogre skeleton (Crypt:1)
  An ice beast (Abyss:4)
  3 ogres
  20 wolves
  A blink frog zombie (Crypt:3)
  A lindwurm zombie (Crypt:3)
  5 great orb of eyes simulacra (IceCv)
  15 centaurs
  A manticore skeleton (Crypt:1)
  A blink frog skeleton (Crypt:1)
  A phantom (D:5)
  5 slime creature simulacra (IceCv)
  A hog zombie (Crypt:1)
  2 kobold brigands
  3 necrophages
  16 bullfrogs
  3 gnoll sergeants
  5 scorpions
  5 glowing shapeshifter simulacra (IceCv)
  5 earth elementals
  11 wights
  A queen bee zombie (Crypt:3)
  13 killer bees
  6 vampire bats (Bailey)
  7 howler monkeys
  A yak skeleton (Crypt:1)
  7 wolf zombies (Bailey)
  A rime drake simulacrum (Lair:1)
  9 crimson imps
  4 jellies
  7 hounds
  10 orc priests
  2 gnoll boudas (D:9)
  An iron imp (Abyss:4)
  An iguana (D:5)
  41 orc wizards
  15 hell rats
  2 shapeshifter simulacra (IceCv)
  25 gnolls
  4 adders
  6 white imps
  2 ufetubi
  3 worms
  A dart slug (D:1)
  83 orcs
  8 ball pythons
  4 bats
  7 endoplasms
  4 giant cockroaches (D:1)
  A gnoll zombie (Crypt:2)
  10 goblins
  6 hobgoblins
  4 jackals
  7 kobolds
  2 quokkas
  A ball python zombie (Crypt:3)
  2 frilled lizards
  An orc skeleton (Crypt:2)
  21 orc zombies (Bailey)
  A quokka zombie (Crypt:1)
  4 rats
  A spectral goblin (D:2)
  10 starspawn tentacles
2594 creatures vanquished.

Vanquished Creatures (collateral kills)
  A dread lich (Zot:5)
  An ancient lich (Zot:5)
  2 Killer Klowns (Zot:5)
  A caustic shrike (Depths:3)
  A golden dragon (Zot:1)
  An Orb Guardian (Zot:5)
  A titan (Depths:2)
  An Executioner (D:14)
  A death cob (Zot:1)
  A sphinx (WizLab)
  An azure jelly (IceCv)
  2 storm dragons
  A shadow dragon (Vaults:5)
  A vault warden (Vaults:2)
  A fire giant (Depths:2)
  A ghost moth (Spider:4)
  A draconian shifter (Zot:1)
  A draconian stormcaller (Zot:1)
  A draconian annihilator (Depths:4)
  A demonspawn corrupter (WizLab)
  3 ironbound preservers
  2 very ugly things (Vaults:2)
  A black draconian (Zot:1)
  A war gargoyle (Vaults:1)
  A stone giant (Vaults:5)
  A purple draconian (Zot:1)
  A yellow draconian (Zot:5)
  A crystal guardian (Vaults:1)
  2 ettins
  A green death (WizLab)
  A yaktaur captain (Vaults:1)
  7 vault guards (Vaults:5)
  A peacekeeper (Vaults:1)
  A death yak (Lair:5)
  A thrashing horror (Abyss:5)
  A vampire mage (Abyss:5)
  A soul eater (Depths:3)
  A spatial maelstrom (Abyss:5)
  A goliath frog (Swamp:1)
  A swamp dragon (Swamp:4)
  An ironbound convoker (Vaults:5)
  7 deep trolls
  A wizard (WizLab)
  A tengu skeleton (Vaults:4)
  A large abomination (D:14)
  3 deep elf zephyrmancers
  An ugly thing (Vaults:2)
  3 worldbinders
  An elephant (Lair:3)
  2 moths of wrath (Zot:1)
  A smoke demon (Abyss:4)
  3 vault sentinels
  A cane toad (Lair:3)
  A demonic crawler (Spider:2)
  A hellion (Abyss:4)
  3 yaktaurs (Vaults:1)
  A troll (D:9)
  A meliai (D:15)
  A red devil (Lair:5)
  A tyrant leech (Swamp:4)
  A hornet (Swamp:2)
  A human simulacrum (Vaults:4)
  A harpy skeleton (Vaults:1)
  2 jumping spiders
  4 slime creatures
  3 culicivoras
  A neqoxec (Depths:3)
  A redback (Spider:1)
  A swamp drake (Swamp:4)
  A snapping turtle skeleton (Crypt:3)
  6 starcursed masses
  2 orc wizards (D:8)
  An orc (D:7)
112 creatures vanquished.

Vanquished Creatures (others)
  Asterion (Spider:2)
  A deep elf master archer (Elf:3)
  A deep elf sorcerer (Elf:3)
  A vault warden (Vaults:5)
  2 deep elf death magi (Elf:3)
  2 deep elf knights
  A swamp dragon (Swamp:4)
  A deep elf pyromancer (Elf:3)
  A bog body (Swamp:1)
  A moth of wrath (Zot:1)
  An orange demon (Abyss:4)
  5 bloated husks
  A starcursed mass (Abyss:4)
  A fire elemental (Elf:1)
  A swamp drake (Swamp:4)
  An orc wizard (Orc:2)
  A hell rat (Lair:5)
  An orc (D:9)
  A demonic plant (Abyss:4)
  5 foxfires
  61 fungi
  2 lurking horrors
  92 plants
  24 starspawn tentacles
209 creatures vanquished.

Grand Total: 2915 creatures vanquished

Notes
Turn   | Place    | Note
-------+----------+-------------------------------------------
     0 | D:1      | freelancePsychic the Demonspawn Brigand began the quest for
                  | the Orb.
     0 | D:1      | Reached XP level 1. HP: 16/16 MP: 1/1
   154 | D:1      | Gained mutation: You are partially covered in icy blue
                  | scales. (AC +2) [demonic ancestry]
   154 | D:1      | Reached XP level 2. HP: 8/22 MP: 2/2
   528 | D:1      | Reached skill level 1 in Axes
   599 | D:1      | Gained mutation: You are mostly covered in icy blue scales.
                  | (AC +3) [demonic ancestry]
   599 | D:1      | Reached XP level 3. HP: 21/28 MP: 3/3
  1045 | D:2      | Found a faded altar of an unknown god.
  1556 | D:3      | Gained mutation: Your touch may inflict minor irresistible
                  | damage on your foes. [demonic ancestry]
  1556 | D:3      | Reached XP level 4. HP: 34/34 MP: 4/4
  1618 | D:3      | Found a shadowy altar of Dithmenos.
  1618 | D:3      | Found a bloodstained altar of Trog.
  1619 | D:3      | Found a shimmering altar of Xom.
  1619 | D:3      | Found a hazy altar of Hepliaklqana.
  1628 | D:3      | Became a worshipper of Trog the Wrathful
  1967 | D:4      | Found Guv Vaxa's Weapon Emporium.
  2073 | D:4      | Found a broken altar of Ashenzari.
  2345 | D:4      | Found an ornate altar of the Wu Jian Council.
  2351 | D:4      | Noticed a scorpion
  2362 | D:4      | Killed a scorpion
  2363 | D:4      | Gained mutation: Your touch may inflict irresistible damage
                  | on your foes. [demonic ancestry]
  2363 | D:4      | Reached XP level 5. HP: 41/41 MP: 5/5
  2409 | D:4      | Noticed Ijyb
  2725 | D:4      | Identified the +10 flail of Qappeni {vamp, rPois rF+ rC+}
  3059 | D:5      | Entered Level 5 of the Dungeon
  3064 | D:5      | Gained mutation: Your touch may irresistibly damage your
                  | foes and sap their willpower. [demonic ancestry]
  3064 | D:5      | Reached XP level 6. HP: 48/48 MP: 6/6
  3331 | D:5      | Noticed an ice beast
  3447 | D:5      | Reached skill level 5 in Short Blades
  3447 | D:5      | Reached XP level 7. HP: 54/55 MP: 7/7
  3789 | D:5      | Reached * piety under Trog
  3790 | D:5      | Reached skill level 5 in Fighting
  4280 | D:6      | Found an ancient bone altar of Kikubaaqudgha.
  4417 | D:6      | Found a runed translucent gate.
  4417 | D:6      | Found a runed translucent gate.
  4418 | D:6      | Found a runed translucent gate.
  4420 | D:6      | Noticed KennySheep's ghost (novice HuCj)
  4474 | D:6      | Reached XP level 8. HP: 46/63 MP: 8/8
  5365 | D:7      | Found Archic's General Store.
  5652 | D:7      | Found a flagged portal.
  5669 | Bailey   | Entered a bailey
  5695 | Bailey   | Reached ** piety under Trog
  5726 | Bailey   | Reached skill level 1 in Dodging
  5897 | Bailey   | Gained mutation: A weak demonic guardian rushes to your
                  | aid. [demonic ancestry]
  5897 | Bailey   | Reached XP level 9. HP: 72/72 MP: 9/9
  5949 | Bailey   | Found the +5 robe of Misfortune {Harm *Corrode *Slow EV+5}
  5970 | Bailey   | Identified the +1 scale mail of the Earth {Str+3 Int+3
                  | Stlth-}
  6000 | Bailey   | Reached skill level 2 in Dodging
  6110 | Bailey   | Reached skill level 3 in Dodging
  6449 | Bailey   | Noticed a gargoyle
  6459 | Bailey   | Killed a gargoyle
  6460 | Bailey   | Reached skill level 4 in Dodging
  7204 | D:7      | Found a staircase to the Ecumenical Temple.
  7578 | D:8      | Reached *** piety under Trog
  7675 | D:8      | Reached skill level 5 in Dodging
  7812 | D:8      | Killed an unseen horror
  7813 | D:8      | Reached XP level 10. HP: 42/83 MP: 10/10
  8205 | D:8      | Reached skill level 6 in Dodging
  8266 | D:8      | Reached skill level 10 in Fighting
  8829 | D:9      | Noticed a two-headed ogre
  8848 | D:9      | Killed a two-headed ogre
  8849 | D:9      | Reached skill level 7 in Dodging
  9087 | D:9      | Found a snail-covered altar of Cheibriados.
  9122 | D:9      | Found a staircase to the Lair.
  9138 | D:9      | Upgraded the game from 0.30-a0-576-g89cddaab80 to
                  | 0.30-a0-578-gdee14c521f
  9197 | D:9      | Reached **** piety under Trog
  9383 | D:9      | Reached skill level 8 in Dodging
  9527 | D:9      | Noticed a two-headed ogre
  9539 | D:9      | Killed a two-headed ogre
  9540 | D:9      | Gained mutation: You are completely covered in icy blue
                  | scales. (AC +4, rC+) [demonic ancestry]
  9540 | D:9      | Reached XP level 11. HP: 92/93 MP: 11/11
 10467 | D:9      | Reached skill level 9 in Dodging
 10805 | D:9      | Identified the +10 morningstar "Qefalela" {distort, rF++
                  | Dex+7 Stlth-}
 10897 | D:9      | Reached skill level 1 in Armour
 11150 | D:9      | Reached skill level 5 in Armour
 11150 | D:9      | Gained mutation: You regenerate a little health from kills.
                  | [demonic ancestry]
 11150 | D:9      | Reached XP level 12. HP: 106/106 MP: 12/12
 11257 | D:4      | Bought the +3 quick blade "Bev Puag" {venom, Dex+5} for 505
                  | gold pieces
 11388 | D:10     | Entered Level 10 of the Dungeon
 11531 | D:10     | Found Yhatef's Fire Supplies.
 11796 | D:10     | Reached skill level 1 in Evocations
 12075 | D:11     | Found a frozen archway.
 12100 | IceCv    | Entered an ice cave
 12523 | IceCv    | Reached ***** piety under Trog
 12872 | IceCv    | Gained mutation: You punish those that try to bend your
                  | will. (Will+) [demonic ancestry]
 12872 | IceCv    | Reached XP level 13. HP: 113/114 MP: 13/13
 12897 | IceCv    | Noticed an azure jelly
 12903 | IceCv    | Noticed an azure jelly
 12911 | IceCv    | Killed an azure jelly
 12919 | IceCv    | Killed an azure jelly
 12920 | IceCv    | Reached skill level 5 in Evocations
 12990 | IceCv    | Found a viscous altar of Jiyva.
 13006 | IceCv    | Identified the amulet "Cysidd" {RegenMP Fragile rF+ Int+10
                  | SInv}
 13139 | D:11     | Found a staircase to the Orcish Mines.
 13340 | D:11     | You fall into a shaft and drop 1 floor!
 13761 | Lair:1   | Entered Level 1 of the Lair of Beasts
 13761 | Lair:1   | Noticed Urug
 13775 | Lair:1   | Killed Urug
 14102 | Lair:1   | Found a runed translucent gate.
 14103 | Lair:1   | Found a runed translucent gate.
 14103 | Lair:1   | Found a runed translucent gate.
 14116 | Lair:1   | Noticed Kuuciris's ghost (journeyman DgGl)
 14704 | Lair:1   | Killed Kuuciris's ghost
 14728 | Lair:1   | Reached skill level 15 in Fighting
 14924 | Lair:2   | Found a hole to the Spider Nest.
 15620 | Lair:2   | Received a gift from Trog
 16200 | Lair:3   | Found a staircase to the Swamp.
 16225 | Lair:3   | Identified the ring of Uxkuch {rPois Str+4 Int-3 Dex+2
                  | SInv}
 16266 | Lair:3   | Noticed Gastronok
 16329 | Lair:3   | Killed Gastronok
 16426 | Lair:3   | Reached XP level 14. HP: 117/124 MP: 14/14
 16772 | Lair:3   | Noticed Amaemon
 16811 | Lair:3   | Killed Amaemon
 17220 | Lair:4   | Noticed Rupert
 17294 | Lair:4   | Reached skill level 10 in Armour
 18284 | Lair:5   | Entered Level 5 of the Lair of Beasts
 18912 | Lair:5   | Reached skill level 10 in Dodging
 18982 | Lair:5   | Found a viscous altar of Jiyva.
 18983 | Lair:5   | Found a staircase to the Slime Pits.
 19316 | Lair:5   | Reached skill level 11 in Dodging
 19368 | Lair:5   | Identified the +0 troll leather armour "Ziorenec" {Rampage
                  | rElec Regen+ Str-2 Dex+2}
 19724 | Lair:5   | Found a burning altar of Makhleb.
 19731 | Lair:5   | Received a gift from Trog
 19764 | Lair:5   | Gained mutation: You regenerate health from kills. [demonic
                  | ancestry]
 19764 | Lair:5   | Reached XP level 15. HP: 103/134 MP: 15/15
 19791 | Lair:5   | Found a gateway to Hell.
 20306 | Orc:1    | Entered Level 1 of the Orcish Mines
 20515 | Orc:1    | Noticed Jorgrun
 20525 | Orc:2    | Entered Level 2 of the Orcish Mines
 20620 | Orc:2    | Found a transporter.
 20685 | Orc:2    | Received a gift from Trog
 20832 | Orc:2    | Reached ****** piety under Trog
 20920 | Orc:2    | Found a staircase to the Elven Halls.
 20929 | Orc:2    | Reached skill level 12 in Dodging
 20980 | Orc:2    | Received a gift from Trog
 21144 | Orc:2    | Found Vikheax's Assorted Antiques.
 21144 | Orc:2    | Found Qacw's Antique Armour Shoppe.
 21186 | Orc:2    | Found Fotysit's Armour Shop.
 21186 | Orc:2    | Found Tiyfro's General Store.
 21220 | Orc:2    | Bought a +2 pair of boots of rampaging for 365 gold pieces
 21261 | Orc:2    | Bought a brightly glowing ring mail for 252 gold pieces
 21261 | Orc:2    | Identified the +2 ring mail "Asecoq" {rC+} (You bought it
                  | in a shop on level 2 of the Orcish Mines)
 21271 | Orc:2    | Bought a scroll of fog for 152 gold pieces
 21271 | Orc:2    | Bought a crooked copper wand for 152 gold pieces
 21271 | Orc:2    | Bought a pink potion for 34 gold pieces
 21302 | Orc:2    | Bought a scroll of fear for 48 gold pieces
 21302 | Orc:2    | Bought a scroll of poison for 48 gold pieces
 21302 | Orc:2    | Bought a scroll of teleportation for 36 gold pieces
 21437 | D:7      | Bought a scroll of identify for 32 gold pieces
 21437 | D:7      | Bought a scroll of identify for 32 gold pieces
 21437 | D:7      | Bought a scroll of summoning for 152 gold pieces
 22009 | D:12     | Found a runed translucent door.
 22009 | D:12     | Found a runed translucent door.
 22156 | D:12     | Found Utynykig's Pet Rocks.
 22776 | D:13     | Received a gift from Trog
 23121 | D:13     | Reached skill level 13 in Dodging
 23663 | D:13     | Identified a scroll of acquirement
 23664 | D:13     | Acquired 911 gold pieces
 23881 | D:14     | Found Yllaeme's Book Shop.
 23883 | D:14     | Noticed Nessos
 23898 | D:14     | Killed Nessos
 24279 | D:14     | Reached XP level 16. HP: 146/146 MP: 16/16
 24334 | D:14     | Found a gate to the Vaults.
 24602 | D:15     | Entered Level 15 of the Dungeon
 24708 | D:15     | Found a staircase to the Depths.
 25021 | D:15     | Found a sparkling altar of Nemelex Xobeh.
 25060 | D:15     | Reached skill level 5 in Stealth
 26006 | Swamp:1  | Entered Level 1 of the Swamp
 26039 | Swamp:1  | Received a gift from Trog
 26239 | Swamp:1  | Reached skill level 14 in Dodging
 27264 | Swamp:2  | Identified the +8 chain mail of Hangman {rElec}
 27268 | Swamp:2  | Noticed Donald
 27309 | Swamp:2  | Killed Donald
 27376 | Swamp:2  | Identified Roxanne's Lectures on Terra Firma
 27376 | Swamp:2  | Noticed Roxanne
 27746 | Swamp:3  | HP: 4/148 [shambling mangrove (31)]
 28481 | Swamp:3  | Received a gift from Trog
 28699 | Swamp:4  | Entered Level 4 of the Swamp
 28711 | Swamp:4  | Noticed a thorn hunter
 28746 | Swamp:3  | Killed a thorn hunter
 29465 | Swamp:4  | Acquired the ring of the Madman {rC+++ rN+ Str-3 Int+3
                  | Stlth+}
 29517 | Swamp:4  | Reached skill level 15 in Dodging
 29517 | Swamp:4  | Gained mutation: A demonic guardian rushes to your aid.
                  | [demonic ancestry]
 29517 | Swamp:4  | Reached XP level 17. HP: 123/155 MP: 17/17
 29673 | Swamp:4  | Got a decaying rune of Zot
 30337 | Spider:1 | Entered Level 1 of the Spider Nest
 32552 | Spider:2 | Found a hide-covered altar of Uskayaw.
 33324 | Spider:2 | Noticed Asterion
 33347 | Spider:2 | Killed Asterion
 33938 | Spider:3 | Paralysed by a jorogumo for 2 turns
 33951 | Spider:3 | Identified the +12 dagger "Duilosk" {heavy, Str+4} (Trog
                  | gifted it to you on level 3 of the Spider Nest)
 33951 | Spider:3 | Received a gift from Trog
 34827 | Spider:3 | Identified the +2 robe of the Game of Kings {Drain Fly
                  | rElec rF-}
 35085 | Spider:4 | Entered Level 4 of the Spider Nest
 35230 | Spider:4 | Reached XP level 18. HP: 162/162 MP: 18/18
 35740 | Spider:4 | Received a gift from Trog
 35834 | Spider:4 | Reached skill level 15 in Armour
 36241 | Spider:4 | Reached skill level 10 in Evocations
 36464 | Spider:4 | Got a gossamer rune of Zot
 36519 | Spider:4 | Received a gift from Trog
 37510 | Elf:1    | Entered Level 1 of the Elven Halls
 37918 | Elf:1    | Found Xerchuravu's Magic Scroll Shoppe.
 37918 | Elf:1    | Found Jiwk's Antique Weapon Emporium.
 37920 | Elf:1    | Noticed Zenata
 37955 | Elf:1    | Killed Zenata
 38086 | Elf:1    | Received a gift from Trog
 38315 | Elf:1    | Bought a scroll of acquirement for 728 gold pieces
 38315 | Elf:1    | Bought a scroll of enchant armour for 105 gold pieces
 38315 | Elf:1    | Bought a scroll of teleportation for 42 gold pieces
 38316 | Elf:1    | Acquired the amulet of Ceanliz {*Slow +Inv rF+ Regen+
                  | Int+6}
 38439 | Elf:1    | Found Cesumuhu's Armour Shoppe.
 38544 | Elf:1    | Found Jaoj Zio's Specific Store.
 38547 | Elf:1    | Found Weodwej's General Store.
 38551 | Elf:1    | Bought a scroll of enchant armour for 90 gold pieces
 38551 | Elf:1    | Bought a scroll of fog for 48 gold pieces
 38851 | Elf:2    | Found a magical portal.
 38856 | WizLab   | Entered Alistair's Party Mansion
 39193 | WizLab   | Noticed a golden dragon
 39193 | WizLab   | Noticed a golden dragon
 40189 | WizLab   | Acquired the +1 pair of boots of the Everdark {Dex+3}
 40194 | WizLab   | Acquired the ring of Itexuc {Fly rElec rCorr Dex+3 SInv}
 40203 | WizLab   | Reached XP level 19. HP: 169/169 MP: 6/19
 40339 | Elf:2    | Noticed Azrael
 40387 | Elf:2    | Killed Azrael
 40473 | Elf:2    | Gained mutation: You regenerate a lot of health from kills.
                  | [demonic ancestry]
 40473 | Elf:2    | Reached XP level 20. HP: 118/176 MP: 6/20
 40608 | Elf:2    | Found a runed translucent gate.
 40617 | Elf:2    | Found a runed translucent gate.
 40619 | Elf:2    | Found a runed translucent gate.
 40809 | Elf:2    | Paralysed by an air elemental for 1 turns
 40852 | Elf:2    | Received a gift from Trog
 41058 | Elf:3    | Entered Level 3 of the Elven Halls
 41561 | Elf:3    | Identified the +1 leather armour of Asceticism {Harm rN+++
                  | Int+3 Slay-2}
 41606 | Elf:3    | Paralysed by an air elemental for 1 turns
 41610 | Elf:3    | Paralysed by an air elemental for 1 turns
 41620 | Elf:3    | Noticed Louise
 41654 | Elf:3    | Received a gift from Trog
 41691 | Elf:3    | Killed Louise
 41803 | Elf:3    | Identified the +1 helmet "Baosir" {rN++ Str-2 Int+3}
 41804 | Elf:3    | Identified the +5 plate armour of Majestic Freedom {Int+3}
 41807 | Elf:3    | Identified the +4 hand axe of Zeosist {flame, rElec rPois
                  | Str+6}
 41808 | Elf:3    | Identified the +4 glaive "Qalem" {flame, *Corrode rPois
                  | Will+++ Stlth+}
 41838 | Elf:3    | Identified the +3 broad axe of Scorn {venom, rN+}
 41847 | Elf:3    | Identified the +7 flail of Vanity {heavy, MP+9 Str+4 Int-3}
 42157 | Vaults:1 | Entered Level 1 of the Vaults
 42277 | Vaults:1 | Identified the +11 great sword of the End {speed, rC+ Will+
                  | rCorr Str-4}
 42628 | Vaults:1 | Reached skill level 15 in Evocations
 43191 | Vaults:1 | Received a gift from Trog
 43656 | Vaults:1 | Gained mutation: You are resistant to unholy torment.
                  | [demonic ancestry]
 43656 | Vaults:1 | Reached XP level 21. HP: 182/183 MP: 7/21
 43912 | Vaults:2 | Received a gift from Trog
 43965 | Vaults:2 | Found a flickering gateway to a bazaar.
 44006 | Bazaar   | Entered a bazaar
 44022 | Bazaar   | Found Mecyful's Magic Scroll Emporium.
 44023 | Bazaar   | Found Acarphial's General Store.
 44032 | Bazaar   | Bought a scroll of enchant armour for 82 gold pieces
 44032 | Bazaar   | Bought a potion of heal wounds for 55 gold pieces
 44032 | Bazaar   | Bought a potion of invisibility for 88 gold pieces
 44066 | Bazaar   | Found Ebleont's Weapon Shoppe.
 44066 | Bazaar   | Found Kipedd's Antique Armour Shoppe.
 44088 | Bazaar   | Bought the +1 cloak of Starlight {*Dazzle EV+4 Stlth--} for
                  | 732 gold pieces
 44088 | Bazaar   | Found the +1 cloak of Starlight {*Dazzle EV+4 Stlth--}
 44122 | Bazaar   | Bought a scroll of blinking for 105 gold pieces
 44122 | Bazaar   | Bought a scroll of blinking for 105 gold pieces
 44122 | Bazaar   | Bought 2 scrolls of teleportation for 84 gold pieces
 44122 | Bazaar   | Bought a scroll of fear for 56 gold pieces
 44322 | Vaults:2 | Found a staircase to the Crypt.
 44836 | Vaults:2 | Received a gift from Trog
 44982 | Vaults:2 | Reached skill level 16 in Dodging
 45630 | Crypt:1  | Entered Level 1 of the Crypt
 45768 | Crypt:1  | Identified the +1 robe of the Albatross {Harm +Inv}
 46791 | Crypt:1  | Identified the +1 rapier "Jellybane" {heavy, Drain rF+
                  | SInv} (Trog gifted it to you on level 1 of the Crypt)
 46791 | Crypt:1  | Received a gift from Trog
 47207 | Crypt:1  | Reached skill level 17 in Dodging
 47495 | Crypt:1  | Identified the +3 battleaxe of Truncation {drain, Fragile
                  | rC+ rN+}
 47926 | Crypt:2  | Gained mutation: You can hurl damnation. [demonic ancestry]
 47926 | Crypt:2  | Reached XP level 22. HP: 190/190 MP: 7/22
 48257 | Crypt:2  | Noticed Onexaaje's ghost (adept GrFi)
 48261 | Crypt:2  | Noticed Hali's ghost (veteran FoFi)
 48262 | Crypt:2  | Found a transporter.
 48284 | Crypt:2  | Received a gift from Trog
 48465 | Crypt:2  | Found a transporter.
 48472 | Crypt:2  | Noticed a royal mummy
 48476 | Crypt:2  | Noticed Rakupo Megg's ghost (veteran GrEE)
 48755 | Crypt:3  | Entered Level 3 of the Crypt
 49177 | Crypt:3  | Reached skill level 18 in Dodging
 49673 | Crypt:3  | Identified the +1 cloak of Jihanner {Int+3 Slay+5}
 50306 | Crypt:3  | Noticed a dread lich
 50381 | Crypt:3  | Paralysed by a dread lich for 3 turns
 50683 | Crypt:3  | Found a staircase to the Tomb.
 50722 | Crypt:3  | Killed a dread lich
 50806 | Crypt:3  | Noticed an ancient lich
 50813 | Crypt:3  | Killed an ancient lich
 50814 | Crypt:3  | Identified the ring of Fatigue {Drain rF+ Will++ Str+4
                  | Int+2}
 50920 | Crypt:3  | Identified the +4 short sword of Sap Cou {freeze, rElec}
 51191 | Vaults:3 | Received a gift from Trog
 51544 | Vaults:3 | Reached skill level 19 in Dodging
 53264 | Vaults:4 | Received a gift from Trog
 53353 | Vaults:4 | Noticed a dread lich
 53361 | Vaults:4 | Killed a dread lich
 53362 | Vaults:4 | Reached XP level 23. HP: 138/196 MP: 7/23
 53399 | Vaults:4 | Reached skill level 10 in Stealth
 53550 | Vaults:4 | Found Ytoiry's Distillery.
 53638 | Vaults:4 | Found Faryss's Weapon Boutique.
 53963 | Vaults:4 | Bought a potion of heal wounds for 85 gold pieces
 53963 | Vaults:4 | Bought a potion of heal wounds for 85 gold pieces
 53963 | Vaults:4 | Bought a potion of might for 68 gold pieces
 53963 | Vaults:4 | Bought a potion of heal wounds for 85 gold pieces
 53963 | Vaults:4 | Bought a potion of curing for 51 gold pieces
 53963 | Vaults:4 | Bought a potion of attraction for 51 gold pieces
 54181 | Vaults:4 | Found Tomao's Antique Armour Emporium.
 54189 | Vaults:4 | Bought an encrusted helmet for 361 gold pieces
 54189 | Vaults:4 | Identified the +2 helmet "Miekirer" {rElec rPois rF-} (You
                  | bought it in a shop on level 4 of the Vaults)
 54605 | Vaults:4 | Found Qeeco's Magic Scroll Shoppe.
 54630 | Vaults:4 | Bought a scroll of fog for 60 gold pieces
 54630 | Vaults:4 | Bought a scroll of fear for 60 gold pieces
 54630 | Vaults:4 | Bought a scroll of teleportation for 45 gold pieces
 54630 | Vaults:4 | Bought a scroll of teleportation for 45 gold pieces
 54667 | Vaults:4 | Found Rietrump's General Store.
 54674 | Vaults:4 | Bought 2 potions of might for 88 gold pieces
 54674 | Vaults:4 | Bought a potion of heal wounds for 55 gold pieces
 55150 | Depths:1 | Entered Level 1 of the Depths
 55880 | Depths:1 | Found a one-way gate to the infinite horrors of the Abyss.
 56169 | Depths:1 | Found Zuifyitai's Jewellery Shoppe.
 56169 | Depths:1 | Found Seno's Book Boutique.
 56170 | Depths:1 | Found Veufoidy's Jewellery Shoppe.
 56242 | Depths:2 | Found a one-way gate leading to the halls of Pandemonium.
 56627 | Depths:2 | Received a gift from Trog
 56837 | Depths:2 | Identified the +0 robe of Entitlement {rPois SInv Stlth+}
 56897 | Depths:2 | Reached skill level 20 in Dodging
 57510 | Depths:2 | Noticed a caustic shrike
 57514 | Depths:2 | Killed a caustic shrike
 57814 | Depths:2 | Received a gift from Trog
 58306 | Depths:2 | Reached skill level 15 in Stealth
 58420 | Depths:2 | Reached XP level 24. HP: 204/204 MP: 7/23
 59330 | Depths:3 | Noticed Xtahua
 59444 | Depths:3 | Killed Xtahua
 59444 | Depths:3 | Received a gift from Trog
 59445 | Depths:3 | Reached skill level 10 in Short Blades
 60576 | Depths:3 | Identified the +1 falchion of Bloodstone {speed, *Slow
                  | Str+2 Int+8 Dex+4}
 60664 | Depths:3 | Received a gift from Trog
 60970 | Depths:4 | Entered Level 4 of the Depths
 61053 | Depths:4 | Identified the +3 plate armour of Responsibility {Dex+4}
 61075 | Depths:4 | Noticed Jory
 61499 | Depths:4 | Found a gate to the Realm of Zot.
 61719 | Depths:4 | Killed Jory
 62235 | Depths:4 | Found a broken altar of Ashenzari.
 62405 | Depths:4 | Found a one-way gateway to a ziggurat.
 62408 | Depths:4 | Paralysed by a floating eye for 3 turns
 62623 | Depths:4 | Voluntarily entered the Abyss.
 62681 | Abyss:4  | Found a corrupted altar of Lugonu.
 62787 | Abyss:4  | Received a gift from Trog
 63154 | Depths:4 | Escaped the Abyss
 63195 | Depths:4 | Voluntarily entered the Abyss.
 63389 | Abyss:4  | Paralysed by accursed screaming for 2 turns
 63410 | Abyss:4  | Received a gift from Trog
 63411 | Abyss:4  | Reached XP level 25. HP: 193/214 MP: 7/23
 63418 | Abyss:4  | Paralysed by accursed screaming for 1 turns
 63585 | Abyss:4  | Found a corrupted altar of Lugonu.
 64318 | Abyss:4  | Identified the +9 quarterstaff "Wothus" {flame, rF+ rC-
                  | Str+3 Stlth+} (Trog gifted it to you on level 4 of the
                  | Abyss)
 64318 | Abyss:4  | Received a gift from Trog
 64431 | Abyss:4  | Paralysed by accursed screaming for 1 turns
 64483 | Abyss:4  | Reached skill level 21 in Dodging
 64564 | Abyss:5  | Found a corrupted altar of Lugonu.
 64635 | Abyss:5  | Paralysed by accursed screaming for 1 turns
 64711 | Abyss:5  | Paralysed by accursed screaming for 1 turns
 64728 | Abyss:5  | Received a gift from Trog
 64761 | Abyss:5  | Got an abyssal rune of Zot
 64791 | Abyss:5  | Paralysed by accursed screaming for 1 turns
 65201 | Depths:4 | Escaped the Abyss
 66028 | Vaults:5 | Entered Level 5 of the Vaults
 66035 | Vaults:5 | Identified the -2 cloak "Aqait" {rC++ rCorr Str-5}
 66095 | Vaults:5 | Received a gift from Trog
 66568 | Vaults:5 | Received a gift from Trog
 66747 | Vaults:5 | Reached skill level 22 in Dodging
 66919 | Vaults:5 | Found Wumuki's Weapon Boutique.
 67244 | Vaults:5 | Noticed a dread lich
 67250 | Vaults:5 | Killed a dread lich
 67354 | Vaults:5 | Reached XP level 26. HP: 224/224 MP: 7/23
 67744 | Vaults:5 | Acquired a manual of Dodging
 67982 | Vaults:5 | Got a silver rune of Zot
 68712 | Slime:1  | Entered Level 1 of the Pits of Slime
 68825 | Slime:2  | Received a gift from Trog
 69147 | Slime:5  | Entered Level 5 of the Pits of Slime
 69170 | Slime:5  | Reached skill level 23 in Dodging
 69396 | Slime:5  | Noticed the Royal Jelly
 69410 | Slime:5  | Killed the Royal Jelly
 69661 | Slime:5  | Found the necklace of Bloodlust {*Rage Will++ Int-3 Slay+6}
 69711 | Slime:5  | Got a slimy rune of Zot
 69821 | Slime:5  | Identified the +5 dire flail "Qihec" {venom, rElec Int+3
                  | Stlth-}
 70390 | Zot:1    | Entered Level 1 of the Realm of Zot
 70445 | Zot:1    | Received a gift from Trog
 70997 | Zot:1    | Reached skill level 24 in Dodging
 71193 | Zot:1    | Noticed an orb of fire
 71193 | Zot:1    | Noticed an orb of fire
 71208 | Zot:1    | Gained mutation: You are frail. (-10% HP) [an orb of fire]
 71226 | Zot:1    | Killed an orb of fire
 71227 | Zot:1    | Gained mutation: You passively map a small area around you.
                  | [an orb of fire]
 71242 | Zot:1    | Gained mutation: Your spells are a little easier to cast,
                  | but a little less powerful. [an orb of fire]
 71243 | Zot:1    | Gained mutation: Armour fits poorly on your strangely
                  | shaped body. [an orb of fire]
 71249 | Zot:1    | Killed an orb of fire
 71513 | Zot:1    | Reached skill level 25 in Dodging
 71754 | Zot:1    | Received a gift from Trog
 72131 | Zot:1    | Lost mutation: You passively map a small area around you.
                  | [potion of mutation]
 72131 | Zot:1    | Lost mutation: Armour fits poorly on your strangely shaped
                  | body. [potion of mutation]
 72131 | Zot:1    | Lost mutation: Your spells are a little easier to cast, but
                  | a little less powerful. [potion of mutation]
 72131 | Zot:1    | Gained mutation: Your magical capacity is low. (-10% MP)
                  | [potion of mutation]
 72131 | Zot:1    | Gained mutation: Your system is resistant to poisons.
                  | (rPois) [potion of mutation]
 72132 | Zot:1    | Lost mutation: Your magical capacity is low. (-10% MP)
                  | [potion of mutation]
 72132 | Zot:1    | Lost mutation: You are frail. (-10% HP) [potion of
                  | mutation]
 72132 | Zot:1    | Lost mutation: Your system is resistant to poisons. (rPois)
                  | [potion of mutation]
 72132 | Zot:1    | Gained mutation: Your muscles are strong. (Str +4, Int/Dex
                  | -1) [potion of mutation]
 72132 | Zot:1    | Gained mutation: Armour fits poorly on your strangely
                  | shaped body. [potion of mutation]
 72132 | Zot:1    | Gained mutation: Your flesh is heat resistant. (rF+)
                  | [potion of mutation]
 72133 | Zot:1    | Lost mutation: Your muscles are strong. (Str +4, Int/Dex
                  | -1) [potion of mutation]
 72133 | Zot:1    | Lost mutation: Your flesh is heat resistant. (rF+) [potion
                  | of mutation]
 72133 | Zot:1    | Lost mutation: Armour fits poorly on your strangely shaped
                  | body. [potion of mutation]
 72133 | Zot:1    | Gained mutation: Your magical capacity is low. (-10% MP)
                  | [potion of mutation]
 72133 | Zot:1    | Gained mutation: You are weak. (Str -2) [potion of
                  | mutation]
 72133 | Zot:1    | Gained mutation: You passively dampen the noise of your
                  | surroundings. [potion of mutation]
 72133 | Zot:1    | Gained mutation: You are partially covered in large bone
                  | plates. (SH +4) [potion of mutation]
 73567 | Zot:4    | Gained mutation: A powerful demonic guardian rushes to your
                  | aid. [demonic ancestry]
 73567 | Zot:4    | Reached XP level 27. HP: 235/235 MP: 6/20
 73804 | Zot:5    | Entered Level 5 of the Realm of Zot
 74595 | Zot:5    | Identified the +7 broad axe of the Slime-mould {flame,
                  | *Noise Str+9}
 75299 | Zot:5    | Noticed an ancient lich
 75330 | Zot:5    | Killed an ancient lich
 75331 | Zot:5    | Reached skill level 26 in Dodging
 75380 | Zot:5    | Noticed an ancient lich
 75403 | Zot:5    | Killed an ancient lich
 75404 | Zot:5    | Noticed a dread lich
 75404 | Zot:5    | Noticed a dread lich
 75427 | Zot:5    | Killed a dread lich
 75427 | Zot:5    | Received a gift from Trog
 75443 | Zot:5    | Killed a dread lich
 75475 | Zot:5    | Noticed an orb of fire
 75484 | Zot:5    | Noticed a dread lich
 75516 | Zot:5    | Killed an orb of fire
 75517 | Zot:5    | Killed a dread lich
 75744 | Zot:5    | Noticed an orb of fire
 75782 | Zot:5    | Noticed a dread lich
 75794 | Zot:5    | Killed an orb of fire
 75814 | Zot:5    | Killed a dread lich
 75834 | Zot:5    | Noticed a dread lich
 75852 | Zot:5    | Noticed an ancient lich
 75854 | Zot:5    | Killed a dread lich
 75863 | Zot:5    | Killed an ancient lich
 75864 | Zot:5    | Reached skill level 27 in Dodging
 76075 | Zot:5    | Got the Orb of Zot
 76733 | D:9      | Noticed Igoicuis the pandemonium lord
 76835 | D:2      | Noticed Faudua the pandemonium lord
 76893 | D:$      | Escaped with the Orb!

Illustrated notes

Levels and vault maps discovered:
D:1:      nzn_arrival_depleted_hourglass, layout_rooms, minmay_unequal
D:2:      layout_rooms, dreamdust_ecumenical_altar_drowned_temple,
          chequers_jeans, minmay_misc_feat_tower
D:3:      layout_basic, chequers_temple_overflow_statue_of_worship,
          mainiacjoe_overflow_brackets
D:4:      layout_loops_ring, mainiacjoe_overflow_cross_hatched,
          marbit_many_paths, nicolae_stop_n_shop_1,
          hangedman_abyss_or_decor_passed, kennysheep_nondescript,
          minmay_misc_feat_columns, serial_bayou_ford_a,
          hangedman_decor_diamond_cutter, uniq_ijyb
D:5:      layout_loops_corners, dreamdust_mushroom_princess, minmay_liquid_box
D:6:      layout_layer_cave, kiku_gazebo_garden_becter,
          biasface_ghost_orc_armoury
D:7:      layout_basic, minmay_temple_entry_glassed_door, enter_bailey_3,
          serial_shops, nicolae_shop_behind_doors, minmay_nine_imps
D:8:      layout_basic, nzn_random_ring
D:9:      layout_roguey, slow_altar_1, due_lair_maze_entry_diamond,
          kennysheep_kite_vault
D:10:     layout_loops_cross, nicolae_shop_fire_sale [nicolae_sub_dead_trees]
D:11:     layout_loops_ring, orc_0_dummy, portal_ice_cave_rime
D:12:     minmay_the_grid_triangle_9x9_recursive_2
          [minmay_the_grid_triangle_9x9_prize_insulated,
          minmay_the_grid_triangle_9x9_tough_junction,
          minmay_the_grid_triangle_9x9_dagger,
          minmay_the_grid_triangle_9x9_semitri], layout_gridville,
          guppyfry_shop_earth
D:13:     layout_roguey
D:14:     layout_roguey, david_vaults_1, serial_shops, nicolae_shop_crystal,
          nicolae_elevator_lobby_plus, uniq_nessos
D:15:     grunt_enter_depths_giant_problem, layout_stronghold,
          nemelex_spade_bored_becter, amcnicky_mini_rare_corridor_liquid
Lair:1:   layout_cellular_growth, gammafunk_ghost_necromancy, uniq_urug
Lair:2:   beast_lair_carwin_large_1, layout_gridlike,
          nicolae_spider_entry_tight_spaces, grunt_megastairs_2,
          lemuel_fruit_fields
Lair:3:   layout_cave_pods, swamp_mist, grunt_megastairs_4, uniq_gastronok,
          uniq_amaemon
Lair:4:   layout_layer_cave, minmay_holes, uniq_rupert
Lair:5:   evil_forest, layout_regular_city, minmay_slime_entry_pillars
Swamp:1:  layout_basic_swamp, evilmike_swamp_ruin_house_6
Swamp:2:  nicolae_swamp_long_stream, layout_falls_marsh,
          hangedman_swamp_ruin_wall, uniq_roxanne, uniq_donald
Swamp:3:  layout_basic_swamp, evilmike_swamp_ruin_wall, swamp_pool3
Swamp:4:  swamp_alternative, layout_basic_swamp, swamp_pool4
Spider:1: layout_chambers, drop_trap, nicolae_spider_webbed_stairs
Spider:2: layout_chambers, nicolae_spider_altar_of_dancing,
          hangedman_spider_tarantella_strand, uniq_asterion
Spider:3: layout_cave_pods, nicolae_spider_cling_halls
Spider:4: spider_rune_water, nicolae_looking_at_the_future
Slime:1:  nicolae_slime_pool, layout_caves
Slime:2:  layout_caves
Slime:3:  layout_caves
Slime:4:  layout_caves, uniq_dissolution
Slime:5
Orc:1:    layout_caves, serial_shops, nicolae_lakefront_shop, uniq_jorgrun
Orc:2:    st_orc_town, layout_caves, gammafunk_ghost_wrathful_warriors,
          basic_altar
Elf:1:    eino_elf_arrival_customs, layout_gridlike, serial_shops, shop,
          evilmike_minifort, nicolae_specific_store, minivault_16,
          wad_floor_pattern_1, minmay_shoptagon, uniq_zenata
Elf:2:    elven_hall_of_blades_hangedman_original
          [nicolae_blade_entry_floor_patterns], layout_geoelf_diagonals,
          mu_enter_wizlab_2, uniq_azrael
Elf:3:    elf_hall, layout_rooms, uniq_louise
Vaults:1: nicolae_vaults_network_square, hangedman_vaults_variations,
          nicolae_vaults_murderbox, vaults_dpeg_encased_lava, v_misc_9,
          v_misc_5, v_rooms_6, v_misc_1, nicolae_vaults_little_squares_6,
          nicolae_vaults_specimen_jars, vaults_dpeg_hooks,
          vaults_room_stairs_pillars, layout_vaults_maze_snakey
Vaults:2: vaults_room_door_hall, v_misc_18, v_alt_pattern_4, v_misc_26,
          minmay_crypt_entry_simple_statues, nicolae_vaults_rhombus_5,
          hangedman_vaults_slice, v_misc_16, nicolae_vaults_ring_of_whatevers,
          ontoclasm_vaults_chip, layout_vaults_quadrants, serial_shops,
          bzr_entry_gold
Vaults:3: ontoclasm_vaults_misaligned, hangedman_vaults_stagger,
          nicolae_vaults_diagonal_hallway_8, nicolae_vaults_what_the_h,
          nicolae_vaults_windows_and_doors_thing, vaults_room_semicircle,
          v_misc_28, ontoclasm_vaults_eye, vaults_room_door_ring,
          ontoclasm_vaults_pinch, ontoclasm_vaults_loading_screen,
          layout_vaults_chaotic_city
Vaults:4: grunt_vaults_trifunnel, v_rooms_2, v_pattern_1, vaults_dpeg_doors,
          vaults_mumra_minichess, vaults_mumra_chevron, ontoclasm_vaults_chip,
          ontoclasm_vaults_gateway, ontoclasm_vaults_echo,
          hangedman_vaults_impose, grunt_vaults_focal, vaults_room_fancy_cross,
          layout_vaults_omnicross, serial_shops, shop, shop_statue,
          nicolae_shop_bloodbath_and_beyond, shop, shop_coins
Vaults:5
Crypt:1:  minmay_skeleton_keep, layout_regular_city, grunt_crypt_arrival_split
Crypt:2:  layout_rooms, nzn_ghost_randoct, small_statue_intersection,
          st_stairs_3, amcnicky_mini_pool_small, grunt_megastairs_5
Crypt:3:  david_glass_crypt, layout_misc_corridors,
          nicolae_tomb_entry_rubble_hallway
Depths:1: layout_cave_shapes, hellmouth_3, hangedman_abyss_entry_splay,
          kennysheep_decorative_pillar, tso_oasis_becter, minmay_shop_grove
Depths:2: hangedman_box_tower, layout_honeycomb, grunt_mini_vestibule,
          infiniplex_staircase_diamond, rand_demon_pan_entry_3
Depths:3: kennysheep_windowed_halls, layout_gridlike, grunt_pan_entry_spiral,
          hangedman_coc_ice_floe, infiniplex_staircase_zigzag_5, abyss_entry,
          firewood_loft, uniq_xtahua
Depths:4: evilmike_zot_entry_gauntlet, layout_basic, enter_ziggurat_d,
          minmay_room_of_horrors, ashenzari_altar_1, grunt_hell_entry_dis_old,
          infiniplex_staircase_pool_lava, uniq_jory
Zot:1:    grunt_deathspiral_small, layout_concentric_octagons
Zot:2:    layout_onion, grunt_megastairs_3
Zot:3:    minmay_elemental_castle, layout_misc_corridors
Zot:4:    layout_gridville
Zot:5:    layout_gridlike

Skill      XL: |  1  2  3  4  5  6  7  8  9 10 11 12 13 14 15 16 17 18 19 20 21 22 23 24 25 26 27 |
---------------+----------------------------------------------------------------------------------+-----
Stealth        | 4 8 9 15 | 15.0
Axes           | 1 |  1.8
Short Blades   | 2 3 5 6 8 13 | 13.6
Fighting       | 3 4 5 7 9 11 13 14 15 17 19 20 21 22 23 24 | 24.7
Dodging        | 1 5 8 9 11 13 15 17 19 20 22 25 27 | 27.0
Armour         | 5 7 9 10 14 16 19 20 21 22 | 22.0
Evocations     | 4 8 12 15 16 17 18 | 18.7
Throwing       | |  1.7

Action                   |  1- 3 |  4- 6 |  7- 9 | 10-12 | 13-15 | 16-18 | 19-21 | 22-24 | 25-27 || total
-------------------------+-------+-------+-------+-------+-------+-------+-------+-------+-------++-------
Melee: Dagger            |   102 |    86 |   416 |   491 |       |       |       |       |       ||  1095
       Broad axe         |    22 |       |       |       |       |       |       |       |       ||    22
       Touch             |       |    16 |   105 |   220 |   706 |   890 |   940 |  1317 |  1312 ||  5506
       Punch             |       |     1 |     7 |    16 |    52 |    67 |    92 |   119 |   113 ||   467
       Quick blade       |       |       |       |   350 |  2560 |  3485 |  3075 |  4447 |  4264 || 18181
Throw: Dart              |    21 |     9 |    10 |    37 |     9 |    24 |       |       |       ||   110
Invok: Berserk           |       |       |     4 |     4 |     5 |     8 |     1 |     1 |       ||    23
       Trog's Hand       |       |       |       |     3 |     8 |     9 |     2 |     2 |    12 ||    36
       Brothers in Arms  |       |       |       |       |     1 |     4 |     2 |       |     1 ||     8
 Abil: Hurl Damnation    |       |       |       |       |       |       |       |    75 |    38 ||   113
Evoke: Wand              |       |       |       |     2 |     7 |    10 |     1 |     3 |    16 ||    39
       Box of beasts     |       |       |       |       |     2 |     2 |     2 |     4 |     5 ||    15
       Phantom mirror    |       |       |       |       |     1 |     4 |       |     1 |     1 ||     7
       Condenser vane    |       |       |       |       |       |     1 |     3 |     7 |     7 ||    18
       Tin of tremorston |       |       |       |       |       |       |     8 |    15 |    13 ||    36
  Use: Scroll            |     5 |     5 |     5 |    11 |    12 |    20 |     3 |     7 |    26 ||    94
       Potion            |       |       |       |     4 |       |     8 |     2 |     6 |    27 ||    47
 Stab: Sleeping          |     8 |     6 |    11 |     4 |     6 |    42 |     6 |     8 |    12 ||   103
       Distracted        |       |       |       |     3 |     4 |    11 |     1 |    11 |    26 ||    56
       Paralysed         |       |       |       |       |       |     1 |       |     1 |       ||     2
       Confused          |       |       |       |       |       |     2 |       |       |       ||     2
       Held in net/web   |       |       |       |       |       |     4 |       |       |       ||     4
       Invisible         |       |       |       |       |       |       |    10 |   116 |    87 ||   213
Armor: Robe              |    46 |    27 |   111 |    87 |       |       |       |       |       ||   271
       Acid dragon scale |       |       |       |    56 |   291 |   290 |       |       |       ||   637
       Fire dragon scale |       |       |       |       |       |   107 |   619 |   797 |   744 ||  2267
Dodge: Dodged            |    72 |    29 |   171 |   312 |  1191 |  1861 |  1456 |  2053 |  2306 ||  9451
       Repelled          |       |       |       |       |       |    18 |     7 |       |       ||    25
Block: Other             |       |     5 |    78 |   113 |   297 |   352 |   330 |   451 |   518 ||  2144
       Reflection        |       |       |     1 |     1 |     3 |    10 |     9 |     4 |     2 ||    30

Table legend: (Time is in decaauts)
 A = Elapsed time spent in this place.
 B = Non-inter-level travel time spent in this place.
 C = Inter-level travel time spent in this place.
 D = Time resting spent in this place.
 E = Time spent auto-exploring this place.
 F = Levels seen in this place.
 G = Mean time per level.
                   A        B        C        D        E       F      G
               +--------+--------+--------+--------+--------+-----+--------+
         Total |  64410 |  59046 |   5364 |   4520 |  40209 |  65 |  990.9 |
       Dungeon |  16474 |  14363 |   2111 |    618 |  10937 |  15 | 1098.3 |
          Lair |   6068 |   5339 |    729 |    528 |   3827 |   5 | 1213.6 |
         Swamp |   3880 |   3722 |    158 |    908 |   2149 |   4 |  970.0 |
   Spider Nest |   5723 |   5465 |    258 |     64 |   4248 |   4 | 1430.8 |
    Slime Pits |    842 |    802 |     40 |    257 |    110 |   5 |  168.4 |
  Orcish Mines |    770 |    640 |    130 |      0 |    379 |   2 |  385.0 |
   Elven Halls |   2459 |   2269 |    190 |      0 |   1671 |   3 |  819.7 |
        Vaults |   7782 |   7048 |    734 |     15 |   5325 |   5 | 1556.4 |
         Crypt |   4009 |   3758 |    251 |    328 |   2353 |   3 | 1336.3 |
        Depths |   6953 |   6445 |    508 |    366 |   4736 |   4 | 1738.2 |
           Zot |   4896 |   4645 |    251 |   1043 |   2507 |   5 |  979.2 |
         Abyss |   1432 |   1432 |      0 |     43 |    363 |   6 |  238.7 |
        Bazaar |    128 |    128 |      0 |      0 |     78 |   1 |  128.0 |
        Bailey |    920 |    920 |      0 |    171 |    519 |   1 |  920.0 |
      Ice Cave |    825 |    825 |      0 |     91 |    284 |   1 |  825.0 |
        Wizlab |   1242 |   1242 |      0 |     85 |    721 |   1 | 1242.0 |
               +--------+--------+--------+--------+--------+-----+--------+

Top non-repeatable levels by time:
Depths:2: 2496 daAuts
     D:9: 2255 daAuts
Depths:4: 2107 daAuts
Vaults:4: 1757 daAuts
Spider:2: 1702 daAuts
     D:8: 1662 daAuts
Spider:4: 1633 daAuts
Vaults:3: 1631 daAuts
Vaults:5: 1602 daAuts
  Lair:4: 1578 daAuts
   Zot:4: 1567 daAuts
 Crypt:3: 1557 daAuts
   Zot:1: 1546 daAuts
 Crypt:1: 1470 daAuts
   Zot:5: 1449 daAuts
